 Dungeon Crawl Stone Soup version 0.30.0-10-gfe55d96785 (webtiles) character file.

Game seed: 3144163232739001936

207 Byczy the Gusty (level 5, -23/40 HPs)
             Began as a Draconian Air Elementalist on May 7, 2023.
             Annihilated by an ogre
             ... wielding a +0 giant club
              (26 damage)
             ... on level 3 of the Dungeon on May 15, 2023.
             The game lasted 00:20:17 (2929 turns).

Byczy the Gusty (Draconian Air Elementalist)        Turns: 2929, Time: 00:20:17

Health: -23/40     AC:  9    Str: 10    XL:     5   Next: 54%
Magic:  6/10       EV: 12    Int: 24    God:
Gold:   165        SH:  0    Dex: 11    Spells: 6/10 levels left

rFire   . . .        y - +2 quarterstaff (chaos)
rCold   . . .        (shield currently unavailable)
rNeg    . . .        (body armour unavailable)
rPois   .            (helmet restricted)
rElec   .            x - +0 cloak
rCorr   .            s - +2 pair of gloves
SInv    .            (no boots)
Will    .....        (no amulet)
Stlth   ++           d - +6 ring of intelligence
HPRegen 0.26/turn    (no ring)
MPRegen 0.12/turn

%: no passive effects
@: no status effects
A: AC +5, unfitting armour, cold-blooded
a: no special abilities


You were on level 3 of the Dungeon.
You visited 1 branch of the dungeon, and saw 3 of its levels.

You collected 165 gold pieces.

Inventory:

Hand Weapons
 e - a +0 dagger
 f - a +0 club
 n - a +1 hand axe of venom
 y - a +2 quarterstaff of chaos (weapon)
Armour
 s - a +2 pair of gloves (worn)
 x - a +0 cloak (worn)
 z - a +0 cloak
Magical Staves
 o - a staff of fire
Jewellery
 d - a +6 ring of intelligence (left hand)
 v - a +6 ring of dexterity
 w - a ring of fire
 B - a ring of see invisible
Wands
 q - a wand of roots (11)
Scrolls
 c - 3 scrolls of immolation {unknown}
 i - a scroll of blinking {unknown}
 j - 3 scrolls of fog {unknown}
 k - a scroll of poison {unknown}
 l - a scroll of enchant weapon {unknown}
 p - a scroll of enchant armour {unknown}
 t - a scroll of brand weapon {unknown}
 u - a scroll of vulnerability {unknown}
 A - a scroll of amnesia {unknown}
Potions
 a - 2 potions of magic
 b - 3 potions of curing {unknown}
 g - a potion of might {unknown}
 h - 3 potions of lignification {unknown}
 m - a potion of heal wounds {unknown}
 r - a potion of mutation {unknown}


   Skills:
 + Level 1.0 Fighting
 + Level 0.9 Axes
 + Level 0.2 Staves
 + Level 2.3 Dodging
 + Level 2.1 Stealth
 + Level 0.4 Unarmed Combat
 + Level 3.3 Spellcasting
 + Level 2.3 Conjurations
 + Level 4.0 Air Magic


You had 6 spell levels left.
You knew the following spells:

 Your Spells              Type           Power      Damage    Failure   Level
a - Shock                 Conj/Air       76%        1d7       2%          1
b - Swiftness             Air            23%        N/A       6%          3

Your spell library contained the following spells:

 Spells                   Type           Power      Damage    Failure   Level
 Static Discharge         Conj/Air       38%        2-4/arc   4%          2
 Airstrike                Air            11%        2d(2-18)  21%         4


Dungeon Overview and Level Annotations

Branches:
Dungeon (3/15)

Altars:
Dithmenos
Fedhas

Shops:
D:1 :*((=

Annotations:
D:3 1 transporter, Erymatos's ghost, amateur MiBe


Innate Abilities, Weirdness & Mutations

Your plain brown scales are hard. (AC +5)
You cannot fit into any form of body armour.
You are cold-blooded and may be slowed by cold attacks.


Message History

Casting: Shock (safe; 2% risk of failure)
Confirm with . or Enter, or press ? or * to list all spells.
Aiming: Shock (safe; 2% risk of failure)
Press: ? - help, Shift-Dir - straight line, p - Erymatos's ghost The zap hits the ogre.
The ogre is moderately wounded.
The zap hits Erymatos's ghost.
Erymatos's ghost is lightly damaged.
The ogre hits you with a +0 giant club!!
Erymatos's ghost says, "I'll split you in two!"
Casting: Shock (safe; 2% risk of failure)
Confirm with . or Enter, or press ? or * to list all spells.
You don't know that spell.
Casting: Shock (safe; 2% risk of failure)
Confirm with . or Enter, or press ? or * to list all spells.
Aiming: Shock (safe; 2% risk of failure)
Press: ? - help, Shift-Dir - straight line, f - ogre
Aim: an ogre, wielding a +0 giant club (moderately wounded, 86% to hit)
The zap hits the ogre.
The ogre is moderately wounded.
The zap misses the ogre.
The ogre hits you with a +2 giant club!!
Ouch! That really hurt!
* * * LOW HITPOINT WARNING * * *
The ogre attacks as you move away! The ogre barely misses you.
There is a transporter here.
Casting: Shock (safe; 2% risk of failure)
Confirm with . or Enter, or press ? or * to list all spells.
Aiming: Shock (safe; 2% risk of failure)
Press: ? - help, Shift-Dir - straight line, f - Erymatos's ghost, p - ogre
Aim: Erymatos's ghost (lightly damaged, 64% to hit)
The zap hits the ogre!
The ogre is heavily wounded.
The zap hits the ogre.
The ogre is moderately wounded.
The zap hits Erymatos's ghost.
Erymatos's ghost is lightly damaged.
The ogre hits you with a +0 giant club!!
Ouch! That really hurt!
You die...

#.. ####### #.. #.....#
#.[ #.....####..
########.....#.....
#............'.....
######.##....#.....
#############.....
#@OO..©.....#.....
#.#W.#.#..#.###'##
########..##$..##..#.#.#
#......#..##...##..#.#.#
#....[.#.#..#.#..#.#.#.#
#......#...../|....#.#.#
#......#############...#
#...........©.©.....#..##
#...................##...


You could see 2 ogres and Erymatos's ghost.

Vanquished Creatures
  A scorpion (D:3)
  Crazy Yiuf (D:2)
  Natasha (D:3)
  Robin (D:2)
  2 adders (D:3)
  A worm (D:2)
  A dart slug (D:2)
  3 ball pythons
  6 endoplasms
  A giant cockroach (D:1)
  14 goblins
  6 hobgoblins
  6 jackals (D:1)
  5 kobolds
  A quokka (D:2)
  3 bats
  2 frilled lizards
  6 rats
61 creatures vanquished.

Notes
Turn   | Place    | Note
-------+----------+-------------------------------------------
     0 | D:1      | Byczy the Draconian Air Elementalist began the quest for
                  | the Orb.
     0 | D:1      | Reached XP level 1. HP: 14/14 MP: 3/3
    69 | D:1      | Found Jenomm's Antique Weapon Boutique.
   135 | D:1      | Reached XP level 2. HP: 10/20 MP: 0/5
   223 | D:1      | Found Zeuwe's Weapon Boutique.
   317 | D:1      | Found Siotz's Jewellery Shop.
   539 | D:1      | Found Izah's Book Shop.
   601 | D:1      | Found Jayman's General Store.
   809 | D:2      | Reached XP level 3. HP: 16/27 MP: 3/6
   873 | D:2      | Noticed Robin
   891 | D:2      | Killed Robin
   972 | D:2      | Learned a level 3 spell: Swiftness
  1478 | D:2      | Found a runed translucent door.
  1479 | D:2      | Noticed Crazy Yiuf
  1574 | D:2      | Found a faded altar of an unknown god.
  1701 | D:2      | Killed Crazy Yiuf
  1702 | D:2      | Reached XP level 4. HP: 27/34 MP: 1/8
  1991 | D:3      | Noticed Erymatos's ghost (amateur MiBe)
  2010 | D:3      | Found a transporter.
  2010 | D:3      | Noticed an ogre
  2024 | D:3      | Noticed an ogre
  2059 | D:3      | Noticed Natasha
  2080 | D:3      | Noticed a scorpion
  2088 | D:3      | Found a blossoming altar of Fedhas.
  2098 | D:3      | Killed a scorpion
  2099 | D:3      | Reached XP level 5. HP: 39/39 MP: 2/9
  2219 | D:3      | Found a shadowy altar of Dithmenos.
  2513 | D:3      | Upgraded the game from 0.30.0-2-g1aa4bd4387 to
                  | 0.30.0-10-gfe55d96785
  2641 | D:3      | Found a transporter.
  2795 | D:3      | Killed Natasha
  2796 | D:3      | Reached skill level 1 in Fighting
  2796 | D:3      | Reached skill level 4 in Air Magic
  2927 | D:3      | HP: 2/40 [ogre/+2 giant club (20)]
  2929 | D:3      | Annihilated by an ogre

Illustrated notes

Levels and vault maps discovered:
D:1:      tarquinn_simple_flora_water_c, layout_rooms, serial_shops, shop, shop,
          nicolae_shop_temple_entry_statues_fountains, shop, shop
D:2:      layout_loops_ring, hellmonk_ecumenical_altar_lost_god,
          uniq_crazy_yiuf_cottage, uniq_robin
D:3:      layout_basic, grunt_dithmenos_smoke_and_mirrors, lemuel_tele_altar,
          gammafunk_ghost_smash, grunt_ministairs_7, chequers_garden,
          uniq_natasha

Skill      XL: |  1  2  3  4  5 |
---------------+----------------+-----
Dodging        | 2 |  2.3
Stealth        | 2 |  2.1
Spellcasting   | 3 |  3.3
Conjurations   | 2 |  2.3
Fighting       | 1 |  1.0
Air Magic      | 4 |  4.0
Axes           | |  0.9
Staves         | |  0.2
Unarmed Combat | |  0.4

Action                     |  1- 3 |  4- 6 || total
---------------------------+-------+-------++-------
  Melee: Unarmed           |    27 |       ||    27
         Tailslap          |     9 |     1 ||    10
         Hand axe          |    20 |       ||    20
         Quarterstaff      |       |     3 ||     3
   Cast: Shock             |    67 |    39 ||   106
         Swiftness         |       |     1 ||     1
 Armour: Skin              |    23 |     5 ||    28
  Dodge: Dodged            |    66 |    13 ||    79
